Map: Королевская бухта РВ

Players

KIrpich - Winner!

  • Race: Terran Terran
  • League: Diamond
  • Spawn Location: 11:00

SoulBurner

  • Race: Zerg Zerg
  • League: Diamond
  • Spawn Location: 5:00

VOD

Have the link to the VOD?

Description

Time

  • Played on: March 29, 2019, 5:20 p.m.
  • Length: 14:14
Show
View Real Time Build Order
Export as new Build Order

KIrpich Terran - Winner!

Build Orders: Mech 

Get SALT Encoding   

  12  0:01  SCV  
  13  0:13  SCV  
  14  0:19  Supply Depot  
  14  0:25  SCV  
  15  0:31  Refinery  
  15  0:40  SCV  
  16  0:46  Barracks  
  16  0:52  SCV  
  17  1:04  SCV  
  18  1:16  SCV  
  20  1:33  Orbital Command  
  20  1:35  Reaper  
  20  1:44  Command Center  
  20  1:54  Supply Depot  
  20  2:00  SCV  
  21  2:19  Factory  
  21  2:20  SCV  
  22  2:23  Barracks Reactor  
  22  2:32  SCV  
  22  2:35  Refinery  
  23  2:44  SCV  
  24  2:56  SCV  
  24  2:58  Orbital Command  
  25  3:08  SCV  
  25  3:11  Factory  
  25  3:20  SCV  
  25  3:21  Supply Depot, Hellion x2  
  25  3:26  SCV  
  31  3:32  SCV  
  32  3:38  SCV  
  33  3:45  SCV  
  33  3:47  Hellion x2  
  38  3:50  SCV  
  38  3:51  Command Center  
  38  3:55  Factory Tech Lab  
  39  3:57  SCV  
  39  4:02  SCV  
  41  4:08  Hellion  
  41  4:09  Hellion, SCV  
  46  4:14  SCV  
  46  4:15  Supply Depot  
  47  4:17  Refinery  
  47  4:20  Siege Tank  
  47  4:21  SCV  
  51  4:26  SCV  
  52  4:32  Hellion  
  52  4:36  SCV  
  52  4:37  Hellion  
  57  4:41  SCV  
  58  4:46  Refinery  
  58  4:48  SCV  
  58  4:52  Cyclone  
  62  4:59  Supply Depot x2  
  62  5:02  SCV x2  
  64  5:13  Hellion x2  
  68  5:14  SCV x2  
  70  5:24  Siege Tank  
  70  5:27  SCV  
  47  5:28  Orbital Command  
  74  5:36  Armory  
  74  5:39  Armory, SCV x2  
  74  5:40  Supply Depot  
  76  5:54  SCV x2  
  76  5:56  Siege Tank  
  81  6:06  Factory, Orbital Command, SCV  
  81  6:07  Factory  
  82  6:18  Engineering Bay  
  82  6:28  Siege Tank  
  83  6:35  SCV x3  
  86  6:47  SCV x3  
  87  6:51  Factory Tech Lab x2, Missile Turret  
  89  6:54  Factory  
  89  6:56  Terran Vehicle Weapons Level 1  
  89  6:58  Terran Vehicle And Ship Armor Level 1  
  89  6:59  SCV x2  
  89  7:00  Siege Tank  
  94  7:02  SCV  
  94  7:06  Hellion x2, Infernal Pre-Igniter  
  99  7:10  Hi-Sec Auto Tracking  
  99  7:11  SCV x2  
  101  7:16  Missile Turret  
  101  7:17  Missile Turret  
  101  7:20  Supply Depot  
  101  7:21  Refinery  
  101  7:22  Supply Depot, Refinery  
  101  7:34  SCV  
  101  7:36  SCV  
  101  7:37  SCV  
  100  7:42  Hellion x2  
  100  7:43  Thor x2  
  116  7:45  Supply Depot  
  116  7:46  SCV  
  116  7:48  Supply Depot  
  117  7:51  Missile Turret x2  
  117  7:53  Missile Turret  
  117  8:05  Factory Tech Lab  
  117  8:07  SCV x3  
  117  8:09  Thor  
  126  8:14  Command Center  
  126  8:19  SCV x3  
  129  8:20  Supply Depot x2  
  129  8:21  Supply Depot  
  129  8:27  Missile Turret  
  129  8:30  Missile Turret  
  129  8:31  SCV  
  129  8:34  Missile Turret  
  130  8:40  Siege Tank  
  133  8:41  Thor, Siege Tank  
  133  8:43  Neosteel Armor  
  142  8:48  SCV  
  142  8:49  SCV x2  
  142  8:50  Missile Turret  
  142  8:52  Terran Vehicle Weapons Level 2  
  145  8:56  Terran Vehicle And Ship Armor Level 2  
  145  9:01  Hellion, SCV  
  145  9:02  Hellion  
  150  9:05  Siege Tank  
  153  9:11  SCV x2  
  155  9:29  Thor x2  
  155  9:30  Hellion x2  
  171  9:37  Supply Depot  
  171  9:38  Supply Depot  
  171  9:39  Supply Depot  
  171  9:40  Refinery  
  171  9:41  Refinery  
  171  9:45  Hellion x2  
  172  9:51  Hellion  
  165  10:05  Thor  
  148  10:18  Thor x2  
  148  10:19  Hellion x3  
  166  10:29  Command Center  
  166  10:32  Supply Depot  
  166  10:34  Supply Depot  
  166  10:38  SCV  
  166  10:39  SCV  
  166  10:40  Hellion x2, Siege Tank  
  166  10:42  Command Center  
  175  10:49  Siege Tank  
  178  10:56  Hellion x3  
  160  11:01  Siege Tank  
  155  11:12  Thor x2  
  155  11:13  Hellion  
  155  11:14  Hellion  
  155  11:18  Terran Vehicle Weapons Level 3  
  169  11:21  Siege Tank  
  169  11:22  SCV  
  170  11:33  Siege Tank  
  170  11:35  Hellion  
  139  12:00  Siege Tank x3  
  146  12:01  Hellion x2  
  146  12:02  Planetary Fortress, SCV x2  
  146  12:04  SCV  
  146  12:05  Hellion, Orbital Command  
  151  12:14  SCV x2  
  153  12:16  SCV  
  158  12:22  Hellion  
  158  12:23  Hellion  
  158  12:26  Siege Tank, SCV x2  
  158  12:28  SCV  
  164  12:32  Siege Tank, Refinery  
  167  12:38  SCV  
  168  12:48  Hellion  
  168  12:49  Hellion x3  
  176  12:55  Refinery  
  141  13:26  Siege Tank x2  
  141  13:27  Hellion, Siege Tank x2  
  141  13:28  Hellion  
  145  13:43  Starport x2  
  145  13:45  Starport  
  145  13:49  Hellion x2  
Show
View Real Time Build Order
Export as new Build Order

SoulBurner Zerg 

Build Orders: Hatch First, Muta Ling Bane 

Get SALT Encoding   

  12  0:01  Drone  
  13  0:12  Overlord  
  13  0:18  Drone  
  14  0:31  Drone x2  
  16  0:49  Hatchery  
  15  0:52  Drone  
  15  0:56  Drone  
  17  0:59  Drone  
  18  1:12  Extractor  
  18  1:16  Spawning Pool  
  16  1:18  Drone  
  16  1:22  Drone  
  18  1:28  Drone  
  19  1:39  Drone  
  20  1:49  Drone  
  21  2:03  Queen x2  
  21  2:04  Zergling x4  
  27  2:18  Hatchery  
  26  2:23  Overlord  
  26  2:28  Drone  
  27  2:32  Drone  
  28  2:47  Queen  
  28  2:48  Drone x3  
  33  2:52  Overlord  
  33  3:03  Drone x3  
  36  3:12  Drone x2  
  38  3:17  Zergling x6  
  38  3:19  Drone  
  42  3:24  Overlord  
  42  3:27  Drone  
  43  3:36  Queen  
  43  3:37  Queen  
  43  3:39  Drone x2  
  43  3:40  Drone  
  50  3:53  Overlord  
  50  3:56  Drone  
  50  3:57  Drone x3  
  54  4:08  Queen  
  56  4:12  Queen  
  56  4:13  Queen  
  60  4:19  Drone  
  60  4:20  Overlord x2, Drone x2  
  60  4:21  Drone  
  64  4:32  Drone x2  
  64  4:33  Overlord  
  66  4:38  Zergling x2  
  66  4:39  Zergling x8  
  66  4:41  Drone x3  
  66  4:42  Drone  
  75  4:47  Extractor  
  75  4:50  Lair  
  74  4:52  Extractor  
  73  5:03  Metabolic Boost  
  73  5:05  Drone x2  
  73  5:06  Drone x4  
  77  5:15  Drone x8  
  84  5:37  Extractor  
  84  5:39  Drone x3  
  84  5:42  Zergling x6  
  89  5:46  Baneling Nest  
  89  5:47  Overlord  
  89  5:48  Overlord x3  
  88  5:50  Evolution Chamber  
  88  5:52  Pneumatized Carapace  
  87  6:00  Spore Crawler  
  87  6:02  Extractor  
  87  6:03  Extractor  
  84  6:16  Drone, Hatchery  
  84  6:17  Drone x8  
  93  6:25  Zergling x2  
  93  6:26  Zergling x10  
  93  6:32  Queen x2  
  95  6:34  Queen  
  97  6:46  Centrifical Hooks  
  97  6:56  Spire  
  97  6:58  Zerg Melee Weapons Level 1  
  96  7:01  Drone  
  96  7:02  Evolution Chamber  
  96  7:03  Drone x4  
  96  7:04  Drone x4  
  96  7:06  Zergling x2  
  96  7:07  Zergling x4  
  107  7:12  Hatchery  
  106  7:27  Zergling x16  
  106  7:28  Zergling x6  
  117  7:37  Extractor x2  
  104  7:51  Zerg Ground Armor Level 1  
  104  8:00  Hydralisk Den, Drone  
  104  8:02  Drone  
  104  8:03  Drone x6  
  111  8:12  Infestation Pit  
  110  8:13  Drone x10  
  120  8:21  Overlord  
  120  8:22  Overlord x9  
  106  8:37  Zergling x2  
  106  8:38  Zergling x20  
  117  8:46  Drone  
  118  8:50  Hive  
  118  8:51  Hatchery  
  118  8:52  Grooved Spines  
  118  8:53  Mutalisk x4  
  118  8:54  Mutalisk x9  
  143  9:07  Zergling x2  
  143  9:08  Zergling x22  
  155  9:11  Nydus Network  
  155  9:12  Zerg Melee Weapons Level 2  
  154  9:21  Baneling x4  
  154  9:22  Baneling x18  
  152  9:36  Zergling x2  
  152  9:37  Zergling x30  
  166  9:41  Extractor x2  
  164  10:00  Mutalisk  
  164  10:01  Mutalisk x8  
  164  10:04  Muscular Augments  
  167  10:15  Zergling x38  
  185  10:26  Greater Spire, Viper  
  185  10:27  Viper x3  
  197  10:47  Baneling x4  
  197  10:48  Baneling x2  
  129  11:01  Zergling x2  
  129  11:02  Zergling x56  
  129  11:03  Zergling x2  
  149  11:05  Adrenal Glands  
  149  11:08  Zerg Ground Armor Level 2  
  145  11:13  Hydralisk  
  145  11:14  Hydralisk x3  
  143  11:31  Hydralisk x5  
  143  11:32  Hydralisk x7  
  148  11:50  Hydralisk  
  148  11:51  Hydralisk x10  
  147  12:03  Corruptor  
  147  12:04  Corruptor  
  151  12:12  Queen x3  
  157  12:15  Hatchery  
  157  12:22  Viper x2  
  156  12:29  Zergling x2  
  165  12:30  Zergling x22  
  165  12:31  Zergling x2  
  175  12:47  Extractor  
  141  13:29  Corruptor x2  
  141  13:30  Corruptor x13  
  171  13:34  Zergling x2  
  171  13:35  Zergling x14  
Tags
 
Add a new tag
Caveats
  • Supply blocks, unpowered buildings, or Contaminate may cause inaccurate times.
  • Supply counts are checked every 10 seconds.